 Dungeon Sprint DCSS version 0.21.1-1-g345015f (webtiles) character file.

1464 equalderp2856 the Blocker (level 8, -8/82 (83) HPs)
             Began as a Minotaur Fighter on May 25, 2018.
             Was an Initiate of Gozag.
             Killed from afar by a death drake (14 damage)
             ... with a foul vapour
             ... in the Dungeon (Sprint II: "The Violet Keep of Menkaure").
             The game lasted 00:02:15 (677 turns).

equalderp2856 the Blocker (Minotaur Fighter)         Turns: 677, Time: 00:02:17

HP:   -8/82 (83)    AC:  9    Str: 22    XL:     8   Next: 48%
MP:   7/7           EV: 10    Int:  5    God:    Gozag
Gold: 666           SH: 13    Dex: 11    Spells: 7/7 levels left

rFire    . . .     SeeInvis .   a - +0 war axe
rCold    . . .     Gourm    .   c - +0 shield
rNeg     . . .     Faith    .   b - +0 scale mail
rPois    .         Spirit   .   (helmet restricted)
rElec    .         Reflect  .   (no cloak)
rCorr    .         Harm     .   (no gloves)
MR       .....     NoTele   +   (no boots)
Stlth    ..........             (no amulet)
HPRegen  0.00/turn              (no ring)
MPRegen  0.10/turn              (no ring)

@: lethally poisoned (-8 -> -112), non-regenerating, badly diseased, slowed,
very slow
A: retaliatory headbutt, horns 2
a: Potion Petition, Call Merchant, Bribe Branch, Renounce Religion


You were in the Dungeon.
You worshipped Gozag.
Gozag was pleased with you.
You were not hungry.

You visited 1 branch You collected 666 gold pieces.

Inventory:

Hand Weapons
 a - a +0 war axe (weapon)
Armour
 b - a +0 scale mail (worn)
 c - a +0 shield (worn)
Scrolls
 k - a scroll of blinking
Potions
 d - a potion of might
 h - a potion of haste
 i - 2 potions of magic
Comestibles
 f - a ration


   Skills:
 + Level 12.0 Fighting
 + Level 8.7 Axes
 + Level 12.3 Armour
 + Level 1.7 Dodging
 + Level 1.0 Stealth
 + Level 12.7 Shields


You had 7 spell levels left.
You didn't know any spells.

Dungeon Overview and Level Annotations

Branches:
Dungeon (1/1)

Altars:
Cheibriados
Dithmenos
Elyvilon
Fedhas
Gozag
Hepliaklqana
Kikubaaqudgha
Makhleb
Nemelex Xobeh
Okawaru
Qazlal
Ru
Sif Muna
Trog
Uskayaw
Vehumet
Wu Jian
Xom
Yredelemnul
Zin
The Shining One
Beogh
Jiyva
Lugonu


Innate Abilities, Weirdness & Mutations

You reflexively headbutt those who attack you in melee.
You have a pair of horns on your head.


Message History

You are more poisoned.
You feel your flesh rotting away!
You feel yourself slow down.
* * * LOW HITPOINT WARNING * * *
You feel very sick. You block the death drake's attack.
The swamp drake bites you.
* * * LOW HITPOINT WARNING * * *
You hit the death drake.
The death drake is severely wounded.
You hit the swamp drake.
You are engulfed in dark miasma.
You are more poisoned.
You feel as though you will be slow longer.
* * * LOW HITPOINT WARNING * * *
x2 You feel extremely sick.
The death drake bites you.
* * * LOW HITPOINT WARNING * * *
The death drake breathes miasma at you. The foul vapour engulfs you!
You are more poisoned.
You die...
Your body crumbles into a pile of gold.

...# $ ...#### $ ###..##
#..##.#▓!?)!?[$ $ ###.##..#
$+.^#..#▓$!"?$$[ $ ##...#..#
#..#..#▓!))()(?
.'$#.'..####..##.#▓!)(%$?[
##...#....###...##▓▓▓▓▓▓▓+
###.##..§...≈≈≈≈≈≈≈≈≈≈≈≈≈.
###≈≈.§...≈#'########+###
#≈≈≈§≈≈≈..≈#.k@_._..#t§≈## $
#≈≈§§§§§≈.≈#.k_._._.#t≈§§##
#≈≈≈≈§≈§§≈§≈#._._._._#§≈§§§#
$$
≈≈≈≈≈≈≈§≈§≈§≈#_._._._.#§§≈§§≈
$
+++#≈≈≈≈≈≈≈≈≈#._._._..#≈§§≈≈≈
$$ ##≈≈≈###§≈#_._._...#§§§≈≈≈
$ #≈§#._._....#§§§§≈≈ $$
#§≈#_._....(#§§≈≈▓
≈§≈§≈##########≈≈≈≈▓z


You could see a death drake, a swamp drake and 2 crocodiles.

Vanquished Creatures
  A merfolk siren (D)
  A yaktaur (D)
  3 polar bears (D)
  A hornet (D)
  Menkaure (D)
  A crocodile (D)
8 creatures vanquished.

Vanquished Creatures (others)
  A flying skull (D)
1 creature vanquished.

Grand Total: 9 creatures vanquished

Notes
Turn   | Place    | Note
-------+----------+-------------------------------------------
     0 | D        | equalderp2856 the Minotaur Fighter began the quest for the Orb.
     0 | D        | Reached XP level 1. HP: 19/19 MP: 0/0
     1 | D        | Noticed a merfolk siren
    15 | D        | Killed a merfolk siren
    15 | D        | Reached skill level 5 in Axes
    15 | D        | Reached XP level 2. HP: 8/37 MP: 1/1
    15 | D        | Reached XP level 3. HP: 9/44 MP: 2/2
    15 | D        | Reached XP level 4. HP: 11/50 MP: 3/3
    15 | D        | Reached XP level 5. HP: 12/57 MP: 4/4
    15 | D        | Reached XP level 6. HP: 14/64 MP: 5/5
    56 | D        | Noticed Menkaure
    61 | D        | Killed Menkaure
    61 | D        | Reached skill level 10 in Fighting
    61 | D        | Reached skill level 10 in Armour
    64 | D        | Reached skill level 10 in Shields
   325 | D        | Found a glowing silver altar of Zin.
   326 | D        | Found a glowing golden altar of the Shining One.
   326 | D        | Found a basalt altar of Yredelemnul.
   326 | D        | Found a hide-covered altar of Uskayaw.
   327 | D        | Found a shimmering altar of Xom.
   327 | D        | Found a bloodstained altar of Trog.
   327 | D        | Found a radiant altar of Vehumet.
   327 | D        | Found a burning altar of Makhleb.
   328 | D        | Found an ornate altar of the Wu Jian Council.
   328 | D        | Found a deep blue altar of Sif Muna.
   328 | D        | Found a corrupted altar of Lugonu.
   329 | D        | Found a sacrificial altar of Ru.
   329 | D        | Found an ancient bone altar of Kikubaaqudgha.
   329 | D        | Found a white marble altar of Elyvilon.
   330 | D        | Found a stormy altar of Qazlal.
   330 | D        | Found a viscous altar of Jiyva.
   330 | D        | Found a shadowy altar of Dithmenos.
   331 | D        | Found a hazy altar of Hepliaklqana.
   331 | D        | Found a snail-covered altar of Cheibriados.
   333 | D        | Found a roughly hewn altar of Beogh.
   333 | D        | Found a sparkling altar of Nemelex Xobeh.
   333 | D        | Found a blossoming altar of Fedhas.
   333 | D        | Noticed a hornet
   333 | D        | Noticed a polar bear
   334 | D        | Noticed a polar bear
   334 | D        | Found an iron altar of Okawaru.
   334 | D        | Found an opulent altar of Gozag.
   334 | D        | Noticed a yaktaur
   335 | D        | Noticed a polar bear
   343 | D        | Became a worshipper of Gozag Ym Sagoz the Greedy
   350 | D        | Noticed a flying skull
   353 | D        | Noticed a flying skull
   394 | D        | Killed a polar bear
   394 | D        | Reached XP level 7. HP: 72/73 MP: 6/6
   398 | D        | Killed a yaktaur
   398 | D        | Reached skill level 1 in Dodging
   398 | D        | Killed a polar bear
   398 | D        | Reached XP level 8. HP: 64/82 MP: 7/7
   403 | D        | Killed a hornet
   409 | D        | Killed a polar bear
   409 | D        | Reached skill level 1 in Stealth
   599 | D        | Killed a flying skull
   659 | D        | Noticed a crystal guardian
   662 | D        | Noticed a death drake
   677 | D        | Killed from afar by a death drake

Skill      XL: |  1  2  3  4  5  6  7  8 |
---------------+-------------------------+-----
Fighting       | 9 10 11 12 | 12.0
Axes           | 5 6 7 8 |  8.7
Armour         | 9 10 11 12 | 12.3
Shields        | 9 10 12 | 12.7
Dodging        | 1 |  1.7
Stealth        | 1 |  1.0

Action                   |  1- 3 |  4- 6 |  7- 9 || total
-------------------------+-------+-------+-------++-------
Melee: War axe           |    13 |    12 |    21 ||    46
       Headbutt          |     1 |     2 |     5 ||     8
Invok: Potion Petition   |       |     1 |       ||     1
  Use: Potion            |       |     1 |     2 ||     3
 Stab: Distracted        |       |       |     2 ||     2
Armor: Scale mail        |       |     6 |     8 ||    14
Dodge: Dodged            |     2 |     8 |    17 ||    27
Block: Shield            |       |    15 |    15 ||    30
